 Dungeon Crawl Stone Soup version 0.23-b1 (webtiles) character file.

Game seed: 7062841960120895927

87 KamiKatze the Shield-Bearer (level 4, -3/37 HPs)
             Began as a Formicid Fighter on Jan 31, 2019.
             Slain by a gnoll
             ... wielding a +0 spear
              (9 damage)
             ... on level 2 of the Dungeon.
             The game lasted 00:05:48 (1342 turns).

KamiKatze the Shield-Bearer (Formicid Fighter)      Turns: 1342, Time: 00:05:48

Health: -3/37      AC:  7    Str: 21    XL:     4   Next: 80%
Magic:  4/4        EV:  8    Int:  8    God:
Gold:   79         SH:  9    Dex: 10    Spells: 3/3 levels left

rFire    . . .     SeeInvis +   a - +0 war axe
rCold    . . .     Gourm    .   c - +0 shield
rNeg     . . .     Faith    .   b - +0 scale mail
rPois    .         Spirit   .   (helmet unavailable)
rElec    .         Reflect  .   (no cloak)
rCorr    +         Harm     .   (no gloves)
MR       .....                  (no boots)
Stlth    ..........             (no amulet)
HPRegen  0.12/turn              j - ring of resist corrosion
MPRegen  0.09/turn              (no ring)

@: no status effects
A: permanent stasis, dig shafts and tunnels, four strong arms, antennae 3
a: Dig, Shaft Self


You were on level 2 of the Dungeon.
You were not hungry.

You visited 1 branch of the dungeon, and saw 2 of its levels.

You collected 79 gold pieces.

Inventory:

Hand Weapons
 a - a +0 war axe (weapon)
Missiles
 i - 39 stones (quivered)
Armour
 b - a +0 scale mail (worn)
 c - a +0 shield (worn)
 e - a +0 chain mail
Jewellery
 j - a ring of resist corrosion (left hand)
Scrolls
 g - a scroll of magic mapping {unknown}
 k - a scroll of remove curse {unknown}
 l - a scroll of enchant weapon {unknown}
 n - a scroll of immolation {unknown}
Potions
 d - a potion of might
 m - a potion of flight {unknown}
Comestibles
 f - 3 rations
 h - 6 chunks of flesh


   Skills:
 + Level 3.7 Fighting
 * Level 3.1 Axes
 + Level 3.7 Armour
 + Level 1.2 Dodging
 + Level 4.1 Shields


You had 3 spell levels left.
You didn't know any spells.
Your spell library was empty.

Dungeon Overview and Level Annotations

Branches:
Dungeon (2/15)

Altars:


Innate Abilities, Weirdness & Mutations

You cannot be hasted, slowed, berserked, paralysed or teleported.
You can dig through walls and to a lower floor.
Your four strong arms can wield two-handed weapons with a shield.
You have a pair of large antennae on your head. (SInv)


Message History

You kill the gnoll!
You block the gnoll's attack. The gnoll barely misses you.
You block the gnoll's attack.
Items here: ) ? [ † a +0 flail; a +0 robe; a scroll labeled BOSIDUJYEPS; a gnoll corpse You barely miss the gnoll.
The gnoll hits you with a +0 spear!
Your shield and scale mail prevent you from hitting the gnoll.
The gnoll hits you with a +0 spear. x2
You are too injured to fight recklessly!
You are too injured to fight recklessly!
You are too injured to fight recklessly!
You completely miss the gnoll. You block the gnoll's attack.
You hit the gnoll.
The gnoll is lightly wounded.
The gnoll hits you with a +0 spear.
* * * LOW HITPOINT WARNING * * *
You barely miss the gnoll.
The gnoll is lightly wounded.
The gnoll hits you with a +0 spear!
You die...

#......########.)........#.....#
####.#.# #.#......#.#.#....
####.#.# #.#......#.#.#.###
#....#.# #.#......#.#.#.#
##.##.#.# #>#......#.....#
......#.# #.#.##.#.##...##
.....##.# #.#.##...##...####
........# #.#.....>.........
....##### #@#########....###
##### #g......# #....#
#......... #....# #.#######.
#....# #. ####.# #. .# #. .# #.


You could see a gnoll.

Vanquished Creatures
  3 gnolls (D:2)
  2 adders (D:2)
  An ooze (D:2)
  2 leopard geckos
  A giant cockroach (D:1)
  6 goblins
  4 hobgoblins
  3 jackals (D:1)
  4 bats
  A frilled lizard (D:1)
  4 kobolds
  4 rats
35 creatures vanquished.

Notes
Turn   | Place    | Note
-------+----------+-------------------------------------------
     0 | D:1      | KamiKatze the Formicid Fighter began the quest for the Orb.
     0 | D:1      | Reached XP level 1. HP: 18/18 MP: 1/1
   132 | D:1      | Reached XP level 2. HP: 21/24 MP: 2/2
   619 | D:1      | Reached XP level 3. HP: 29/29 MP: 3/3
  1166 | D:2      | Reached skill level 1 in Dodging
  1166 | D:2      | Reached XP level 4. HP: 29/36 MP: 4/4
  1198 | D:2      | Reached skill level 4 in Shields
  1342 | D:2      | Slain by a gnoll

Skill      XL: |  1  2  3  4 |
---------------+-------------+-----
Dodging        | 1 |  1.2
Shields        | 4 |  4.1
Axes           | 3 |  3.1
Fighting       | |  3.7
Armour         | |  3.7

Action                   |  1- 3 |  4- 6 || total
-------------------------+-------+-------++-------
Melee: War axe           |    89 |    32 ||   121
  Eat: Chunk             |     1 |     1 ||     2
Armor: Scale mail        |    40 |    10 ||    50
Dodge: Dodged            |    31 |     9 ||    40
Block: Shield            |    50 |    26 ||    76
